 Dungeon Crawl Stone Soup version 0.31.0-11-ge490571c62 (webtiles) character file.

Game seed: 17523456507983760936

110440 retardedninja the Devastator (level 16, 0/98 HPs)
             Began as a Gargoyle Fire Elementalist on Feb 7, 2024.
             Was the Champion of Hepliaklqana.
             Killed from afar by a spriggan druid (10 damage)
             ... with a stone arrow
             ... on level 2 of the Swamp on Feb 8, 2024.
             The game lasted 01:12:40 (34913 turns).

retardedninja the Devastator (GrFE)                Turns: 34913, Time: 01:12:41

Health: 0/98       AC: 26    Str: 16    XL:     16   Next: 55%
Magic:  12/42      EV: 12    Int: 24    God:    Hepliaklqana [******]
Gold:   1477       SH:  0    Dex: 10    Spells: 17/42 levels left

rFire   + + +        h - +10 dark maul {heavy}
rCold   x . .        (shield currently unavailable)
rNeg    + . .        w - +1 steam dragon scales
rPois   ∞            j - +2 helmet
rElec   +            s - +2 cloak
rCorr   .            m - +0 pair of gloves
SInv    .            e - +0 pair of boots
Will    ++...        (no amulet)
Stlth   ++           d - ring "Bemegrec" {rElec rPois rF++ Will+ Int-2}
HPRegen 0.36/turn    f - ring of Otaid {Fire *Slow MP+9 Str+3 Int+3}
MPRegen 0.28/turn

%: slow self (1%)
@: flying, studying Polearms
A: reduced essence, sickness immunity, AC +12, big wings, negative energy
resistance 1, electricity resistance, torment resistance 1, petrification
resistance
a: Renounce Religion, Recall Ancestor, Ancestor Identity, Transference, Idealise


You were on level 2 of the Swamp.
You worshipped Hepliaklqana.
Hepliaklqana was exalted by your worship.
You visited 4 branches of the dungeon, and saw 24 of its levels.

You collected 2851 gold pieces.
You spent 1374 gold pieces at shops.

Inventory:

Hand Weapons
 h - the +10 dark maul (weapon) {heavy}
   (You took it off a two-headed ogre on level 1 of the Orcish Mines)
 z - a +5 glaive of venom
 J - the +4 falchion of Integrity {heavy, Fly Str+5 Int-2}
   (You found it on level 11 of the Dungeon)

   Str+5:     It affects your strength (+5).
   Int-2:     It affects your intelligence (-2).
   Fly:       It grants you flight.
Armour
 e - a +0 pair of boots (worn)
 j - a +2 helmet (worn)
 m - a +0 pair of gloves (worn)
 s - a +2 cloak (worn)
 w - +1 steam dragon scales (worn)
 E - +0 swamp dragon scales
Jewellery
 d - the ring "Bemegrec" (left hand) {rElec rPois rF++ Will+ Int-2}
   (You acquired it on level 5 of the Lair of Beasts)

   [ring of willpower]

   Int-2:     It affects your intelligence (-2).
   rF++:      It greatly protects you from fire.
   rElec:     It insulates you from electricity.
   rPois:     It protects you from poison Will+: It increases your willpower.
 f - the ring of Otaid (right hand) {Fire *Slow MP+9 Str+3 Int+3}
   (You bought it in a shop on level 2 of the Orcish Mines)

   [ring of fire]

   Fire:      It enhances your fire magic.
   Str+3:     It affects your strength (+3).
   Int+3:     It affects your intelligence (+3).
   rF+:       It protects you from fire.
   rC-:       It makes you vulnerable to cold.
   MP+9:      It affects your magic capacity (+9).
   *Slow:     It may slow you when you take damage.
 r - the ring "Nyasamod" {rPois rCorr Int+6 SInv}
   (You found it on level 4 of the Lair of Beasts)

   [ring of intelligence]

   Int+6:     It affects your intelligence (+6).
   rPois:     It protects you from poison SInv: It lets you see invisible.
   rCorr:     It protects you from acid and corrosion.
 A - a ring of fire
 S - a +4 ring of slaying
Talismans
 i - a granite talisman
 u - a dragon-blood talisman
 N - a blade talisman
 O - a serpent talisman
Wands
 c - a wand of mindburst (11)
 v - a wand of charming (45)
 G - a wand of flame (27)
 L - a wand of roots (4)
Scrolls
 g - 6 scrolls of fog
 l - 6 scrolls of identify
 n - 7 scrolls of poison
 y - 2 scrolls of silence
 B - 2 scrolls of immolation
 C - 3 scrolls of amnesia
 I - a scroll of revelation
Potions
 b - a potion of magic
 k - 4 potions of mutation
 o - 5 potions of attraction
 q - 3 potions of enlightenment
 t - a potion of degeneration
 D - a potion of brilliance
 F - 2 potions of lignification
 H - 2 potions of berserk rage
 K - a potion of haste
 M - a potion of resistance
 P - a potion of cancellation
 Q - 5 potions of might
Miscellaneous
 a - a tin of tremorstones (1/2)
 p - a sack of spiders
 x - a phantom mirror (inert)


   Skills:
 + Level 15.7 Fighting
 - Level 1.8 Dodging
 - Level 2.6 Stealth
 + Level 13.6 Spellcasting
 + Level 15.8 Conjurations
 + Level 14.8 Fire Magic
 * Level 5.2 Air Magic


You had 17 spell levels left.
You knew the following spells:

 Your Spells              Type           Power      Damage    Failure   Level
a - Foxfire               Conj/Fire      100%       2x1d9     0%          1
b - Scorch                Fire           100%       2d9       0%          2
c - Flame Wave            Conj/Fire      94%        2d20      1%          4
d - Inner Flame           Hex/Fire       67%        N/A       1%          3
e - Stone Arrow           Conj/Erth      100%       3d13      1%          3
f - Starburst             Conj/Fire      47%        6d13      1%          6
g - Plasma Beam           Fire/Air       38%        2x1d52    9%          6

Your spell library contained the following spells:

 Spells                   Type           Power      Damage    Failure   Level
 Magic Dart               Conj           100%       1d8       0%          1
 Sting                    Conj/Alch      100%       1d9       1%          1
 Mercury Vapours          Alch/Air       58%        N/A       1%          2
 Momentum Strike          Conj/Tloc      100%       3d10      1%          2
 Hailstorm                Conj/Ice       53%        3d10      1%          3
 Swiftness                Air            41%        N/A       1%          3
 Volatile Blastmotes      Fire/Tloc      100%       2d18      1%          3
 Brom's Barrelling Bould  Conj/Erth      53%        2d7       1%          4
 Fulminant Prism          Conj/Alch      26%        3d14      1%          4
 Iskenderun's Mystic Bla  Conj/Tloc      53%        2d11      1%          4
 Sticky Flame             Fire/Alch      67%        2d11      1%          4
 Arcjolt                  Conj/Air       30%        1d40      1%          5
 Apportation              Tloc           32%        N/A       3%          1
 Sandblast                Erth           32%        2d9       3%          1
 Blink                    Tloc           32%        N/A       5%          2
 Call Imp                 Summ           32%        N/A       5%          2
 Ensorcelled Hibernation  Hex/Ice        32%        N/A       5%          2
 Jinxbite                 Hex            32%        N/A       5%          2
 Lesser Beckoning         Tloc           32%        N/A       5%          2
 Conjure Ball Lightning   Conj/Air       30%        3x3d10    8%          6
 Gell's Gravitas          Tloc           16%        N/A       11%         3
 Passwall                 Erth           16%        N/A       11%         3
 Summon Ice Beast         Ice/Summ       16%        N/A       11%         3
 Teleport Other           Tloc           16%        N/A       11%         3
 Vhi's Electric Charge    Tloc/Air       58%        N/A       12%         4
 Animate Dead             Necr           16%        N/A       36%         4
 Olgreb's Toxic Radiance  Alch           16%        N/A       36%         4
 Alistair's Intoxication  Alch           10%        N/A       71%         5
 Summon Mana Viper        Hex/Summ       16%        N/A       71%         5
 Dispersal                Tloc           8%         N/A       99%         6
 Sculpt Simulacrum        Ice/Alch       8%         N/A       99%         6
 Enfeeble                 Hex            8%         N/A       100%        7
 Discord                  Hex            8%         N/A       100%        8
 Disjunction              Tloc           8%         N/A       100%        8
 Maxwell's Capacitive Co  Air            20%        ∞         100%        8
 Chain Lightning          Conj/Air       30%        3d40      100%        9
 Fire Storm               Conj/Fire      47%        8d12      100%        9
 Shatter                  Erth           8%         3d10*     100%        9


Dungeon Overview and Level Annotations

Branches:
Dungeon (15/15)            Temple (0/1) D:4            Lair (5/5) D:9
  Swamp (2/4) Lair:3        Snake (0/4) Lair:3        Slime (0/5) Lair:5
    Orc (2/2) D:10            Elf (0/3) Orc:2        Vaults (0/5) D:13
 Depths (0/4) D:15

Altars:
Ashenzari
Cheibriados
Dithmenos
Elyvilon
Fedhas
Gozag
Hepliaklqana
Kikubaaqudgha
Makhleb
Nemelex Xobeh
Ru
Trog
Vehumet
Wu Jian
Xom
Jiyva
Lugonu

Shops:
D:4 [   Orc:2 :!=*[

Portals:
Abyss: Lair:5
Pandemonium: Orc:2
Trove: D:10 (give +5 demon whip)

Annotations:
D:4 1 runed translucent door, Swimmer's ghost, amateur MiFi
Lair:5 1 runed translucent door
Swamp:2 Frances; Roxanne


Innate Abilities, Weirdness & Mutations

Your life essence is reduced to manifest your ancestor. (-10% HP)
You are immune to sickness and miasma.
Your stone body is resilient. (AC +12)
You are immune to poison.
Your large and strong wings let you fly.
You resist negative energy. (rN+)
You are resistant to electric shocks. (rElec)
You are resistant to unholy torment.
You are immune to petrification.


Message History

The will-o-the-wisp resists.
The will-o-the-wisp is almost destroyed.
The bolt of fire hits the will-o-the-wisp!!
The will-o-the-wisp resists.
You destroy the will-o-the-wisp!
The mangrove smoulders and burns.
The bolt of fire hits the fenstrider witch!!!
You kill the fenstrider witch!
The bolt of fire misses the bunyip.
The bunyip is engulfed in a cloud of scalding steam.
The bunyip howls a warning cry!
The will-o-the-wisp engulfs you but does no damage.
You hear a hideous shriek!
Your phantom mirror has recharged.
The goliath frog hits you but does no damage.
The bunyip claws you! The bunyip misses you. The bunyip barely misses you.
The goliath frog hits you from afar!
You are splashed with acid!
The will-o-the-wisp barely misses you. The bunyip claws you!
The bunyip claws you!!
* * * LOW HITPOINT WARNING * * *
The bunyip misses you.
Blink to where?
Press: ? - help, Q - select action, (/) - cycle Dir - move target Frances, an alligator and a spriggan druid come into view.
Frances is wielding a +2 mace of venom.
Found an escape hatch in the floor.
As you read the scroll of blinking, it crumbles to dust.
Frances shouts!
The spriggan druid shouts!
Frances chants phrases taken from a devil's mouth.
Okay, then.
Aiming: Phantom Mirror
Press: ? - help, Q - select action, (/) - cycle Dir - move target, f - Frances
Aim: Frances, wielding a +2 mace of venom and wearing a +0 chain mail You reflect Frances with the mirror!
The mirror clouds!
Frances mutters in a terrible tongue.
Send 'em back where they came from!
The ynoxinul disappears in a puff of smoke!
The spriggan druid points at you and mumbles some strange words.
The stone arrow hits you!
You die...

~.~~. ♣~.@@
♣~§.§♣♣ ...l...♣♣
♣~..~~.♣♣
♣~~~~~§♣♣♣♣♣
♣♣.i~~~~.~~.♣
♣.~.~~@~.~.~♣
♣.~~......§♣♣
♣~.~~.....♣♣♣♣♣
♣.~~~§♣§~§♣ ♣~♣
.~§~.♣.§♣§♣♣~♣
.~~~..~~♣§♣~♣
~.~§§§§§§~~♣♣♣♣♣~
.~.~~§§§xv.~~§§~~
..~~§§~x†~♣♣~§~~


You could see Frances (ally target), an alligator, a spriggan druid, a
will-o-the-wisp and the friendly Frances (summoned, drained).

Vanquished Creatures
  Rupert (Lair:5)
  A fenstrider witch (Swamp:2)
  2 orc warlords (Orc:2)
  A stone giant (Orc:1)
  An entropy weaver (shapeshifter) (D:15)
  3 hydras
  An alligator (Swamp:1)
  A catoblepas (Lair:5)
  2 centaur warriors (D:13)
  7 two-headed ogres
  A boulder beetle (D:15)
  4 orc high priests (Orc:2)
  2 thrashing horrors (Lair:5)
  A skyshark (Lair:3)
  A sixfirhy (Orc:2)
  2 bog bodies (Swamp:1)
  A swamp dragon (Swamp:1)
  A spriggan druid (Swamp:1)
  A glowing orange brain (D:15)
  3 necromancers (Orc:1)
  A deep elf pyromancer (D:14)
  3 orc knights
  10 ugly things
  A will-o-the-wisp (Swamp:2)
  5 orc sorcerers (Orc:2)
  2 manticores
  A wolf spider (shapeshifter) (D:15)
  13 elephants
  3 cyclopes
  2 kobold blastminers (Orc:2)
  A black mamba (shapeshifter) (Lair:5)
  2 black mambas
  Joseph (D:9)
  A smoke demon (Lair:5)
  5 gargoyles
  4 cane toads
  A large abomination (Lair:5)
  2 rime drakes
  An unseen horror (D:12)
  8 komodo dragons
  An efreet (D:14)
  2 ice devils (Lair:4)
  3 yaktaurs (D:15)
  A hornet (Swamp:1)
  A red devil (Orc:2)
  A tarantella (shapeshifter) (D:13)
  12 blink frogs
  5 trolls
  5 dream sheep
  3 raiju (Lair:5)
  6 slime creatures
  A spriggan (shapeshifter) (Lair:5)
  A yak (shapeshifter) (Lair:5)
  3 spriggans (Swamp:1)
  A vampire (D:13)
  15 yaks
  2 basilisks
  3 wyverns
  A fire elemental (Lair:4)
  A warg (Orc:2)
  3 steam dragons
  4 vampire mosquitoes
  Edmund (D:6)
  2 nagas (Lair:3)
  4 swamp worms
  A chaos spawn (Lair:5)
  An acid dragon (D:10)
  7 water moccasins
  28 orc warriors
  A swamp drake (Swamp:1)
  An ice beast (D:7)
  2 black bears
  7 ogres
  6 centaurs
  8 wolves
  A kobold brigand (D:9)
  8 bullfrogs
  2 gnoll sergeants
  6 small abominations (Lair:5)
  2 scorpions (D:5)
  3 wights (D:9)
  A warg skeleton (Orc:1)
  A troll zombie (Orc:1)
  3 killer bees (D:10)
  4 electric eels
  10 howler monkeys
  A bombardier beetle (D:6)
  A jelly (D:6)
  2 hounds
  16 orc priests
  3 gnoll boudas
  Terence (D:3)
  A sleepcap (D:7)
  2 iguanas (D:5)
  16 orc wizards
  13 gnolls
  An orc zombie (Orc:1)
  6 adders
  An orc skeleton (Orc:1)
  A shadow imp (D:5)
  2 white imps
  3 ufetubi
  An orc simulacrum (Orc:1)
  A dart slug (D:5)
  5 ribbon worms
  65 orcs
  5 ball pythons
  5 bats
  5 endoplasms
  4 giant cockroaches
  8 goblins
  4 hobgoblins
  2 jackals (D:4)
  3 quokkas
  3 frilled lizards
  10 kobolds
  4 rats
  A foxfire (D:13)
485 creatures vanquished.

Vanquished Creatures (collateral kills)
  An eleionoma (Lair:3)
  An ettin (Orc:1)
  An ogre mage (D:15)
  A ghost crab (Swamp:1)
  5 two-headed ogres
  5 hydras
  2 centaur warriors (D:13)
  4 boulder beetles
  A catoblepas (Lair:2)
  A thrashing horror (Lair:5)
  A goliath frog (Swamp:1)
  3 orc knights (Orc:2)
  A large abomination (Lair:5)
  2 cyclopes
  6 orc sorcerers
  A black mamba (Lair:1)
  3 kobold blastminers
  9 elephants
  2 cane toads
  A rime drake (Lair:2)
  A yaktaur (D:15)
  A bloated husk (Swamp:1)
  A polar bear (Lair:2)
  4 trolls
  A raiju (Lair:5)
  2 tyrant leeches (Swamp:1)
  3 hornets (Swamp:1)
  18 blink frogs
  5 dream sheep
  7 slime creatures
  2 ynoxinuls (Lair:5)
  12 yaks
  4 spriggans
  A wraith (D:11)
  3 wyverns
  A basilisk (shapeshifter) (D:10)
  A basilisk (D:15)
  3 wargs
  2 swamp worms (Swamp:1)
  3 vampire mosquitoes
  An acid dragon (D:12)
  3 swamp drakes (Swamp:1)
  6 water moccasins
  A black bear (Lair:2)
  17 orc warriors
  4 small abominations (Lair:5)
  5 wolves
  4 centaurs (D:13)
  2 orc skeletons (Orc:1)
  A bullfrog (Lair:3)
  A cyclops skeleton (Orc:1)
  A warg skeleton (Orc:1)
  A killer bee (D:10)
  3 howler monkeys
  7 orc priests (Orc:2)
  An orc wizard (Orc:2)
  An ogre zombie (Orc:1)
  A boggart simulacrum (D:13)
  12 orcs
  16 foxfires
214 creatures vanquished.

Vanquished Creatures (others)
  An elephant (Lair:4)
  A bloated husk (Swamp:1)
  22 battlemagi
  7 ancestors
  An orc zombie (Orc:1)
  2 orcs (Orc:2)
  1291 foxfires
1325 creatures vanquished.

Grand Total: 2024 creatures vanquished

Notes
Turn   | Place    | Note
-------+----------+-------------------------------------------
     0 | D:1      | retardedninja the Gargoyle Fire Elementalist began the
                  | quest for the Orb.
     0 | D:1      | Reached XP level 1. HP: 10/10 MP: 3/3
   515 | D:1      | Reached XP level 2. HP: 15/15 MP: 0/5
  1191 | D:2      | Reached XP level 3. HP: 17/19 MP: 1/6
  1590 | D:2      | Reached XP level 4. HP: 24/24 MP: 2/7
  1667 | D:2      | Reached skill level 1 in Fighting
  2341 | D:3      | Noticed Terence
  2534 | D:2      | Learned a level 2 spell: Scorch
  2563 | D:3      | Killed Terence
  2830 | D:3      | Found a shimmering altar of Xom.
  3251 | D:3      | Reached XP level 5. HP: 27/29 MP: 6/9
  3874 | D:4      | Found a runed translucent door.
  3874 | D:4      | Noticed Swimmer's ghost (amateur MiFi)
  3886 | D:4      | Found Aryv Ruph's Antique Armour Shop.
  3903 | D:4      | Found a broken altar of Ashenzari.
  3920 | D:4      | Noticed an ogre
  3929 | D:4      | Killed an ogre
  3930 | D:4      | Reached XP level 6. HP: 9/36 MP: 7/10
  4365 | D:4      | Found a staircase to the Ecumenical Temple.
  4439 | D:5      | Entered Level 5 of the Dungeon
  4717 | D:5      | Reached XP level 7. HP: 32/41 MP: 2/12
  5127 | D:5      | Got Sif Muna's Spellbook of the Grim Oath
  5984 | D:6      | Reached skill level 5 in Fire Magic
  6154 | D:6      | Reached XP level 8. HP: 48/48 MP: 2/14
  6236 | D:6      | Found a bloodstained altar of Trog.
  6267 | D:6      | Noticed Edmund
  6279 | D:6      | Killed Edmund
  6475 | D:6      | Reached skill level 5 in Conjurations
  6531 | D:6      | Found a burning altar of Makhleb.
  6775 | D:7      | Reached skill level 5 in Fighting
  6951 | D:7      | Reached skill level 5 in Spellcasting
  7005 | D:7      | Learned a level 4 spell: Flame Wave
  7200 | D:7      | Reached XP level 9. HP: 55/55 MP: 0/17
  8582 | D:8      | Found a hazy altar of Hepliaklqana.
  8805 | D:8      | Became a worshipper of Hepliaklqana the Forgotten
  8973 | D:8      | Found a white marble altar of Elyvilon.
  9006 | D:8      | Found a sparkling altar of Nemelex Xobeh.
  9226 | D:8      | Reached XP level 10. HP: 66/66 MP: 17/21
  9276 | D:9      | Noticed Joseph
  9288 | D:9      | Killed Joseph
  9757 | D:9      | Found a staircase to the Lair.
 10069 | D:9      | Reached * piety under Hepliaklqana
 10240 | D:9      | Found an ornate altar of the Wu Jian Council.
 10337 | Lair:1   | Entered Level 1 of the Lair of Beasts
 10346 | Lair:1   | Reached XP level 11. HP: 63/63 MP: 20/23
 10568 | Lair:1   | Found a shimmering altar of Xom.
 10664 | Lair:1   | Reached skill level 10 in Conjurations
 10851 | Lair:1   | Reached skill level 10 in Fighting
 11162 | Lair:1   | Reached skill level 10 in Fire Magic
 11661 | D:10     | Entered Level 10 of the Dungeon
 11670 | D:10     | Found a shadowy altar of Dithmenos.
 11838 | D:10     | Found an opulent altar of Gozag.
 11937 | D:10     | Noticed a two-headed ogre
 11941 | D:10     | Killed a two-headed ogre
 12103 | D:10     | Found a snail-covered altar of Cheibriados.
 12210 | D:10     | Noticed a two-headed ogre
 12220 | D:10     | Killed a two-headed ogre
 12513 | D:10     | Learned a level 3 spell: Inner Flame
 12516 | D:10     | Reached XP level 12. HP: 63/71 MP: 21/25
 12997 | D:10     | Reached ** piety under Hepliaklqana
 12998 | D:10     | Remembered your ancestor austrian painter as a battlemage
 13008 | D:10     | Found an ancient bone altar of Kikubaaqudgha.
 13008 | D:10     | Found a sacrificial altar of Ru.
 13008 | D:10     | Found a blossoming altar of Fedhas.
 13060 | D:10     | Found a radiant altar of Vehumet.
 13128 | D:10     | Found a staircase to the Orcish Mines.
 13241 | D:10     | Found a portal to a secret trove of treasure.
 13450 | D:11     | Identified the +4 falchion of Integrity {heavy, Fly Str+5
                  | Int-2}
 13756 | D:11     | Noticed a boulder beetle
 13764 | D:11     | Killed a boulder beetle
 14001 | D:11     | Noticed a boulder beetle
 14014 | D:11     | Killed a boulder beetle
 14396 | Lair:2   | Noticed an eight-headed hydra
 14403 | Lair:2   | Killed an eight-headed hydra
 14721 | Lair:2   | Noticed a catoblepas
 14730 | Lair:2   | Killed a catoblepas
 14731 | Lair:2   | Reached skill level 10 in Spellcasting
 15727 | Lair:3   | Noticed a skyshark
 15731 | Lair:3   | Noticed a four-headed hydra
 15734 | Lair:3   | Killed a skyshark
 15735 | Lair:3   | Noticed a four-headed hydra
 15738 | Lair:3   | Killed a four-headed hydra
 15739 | Lair:3   | Reached XP level 13. HP: 65/76 MP: 12/27
 16193 | Lair:3   | Reached *** piety under Hepliaklqana
 16238 | Lair:3   | Noticed an eleionoma
 16246 | Lair:3   | Found a staircase to the Swamp.
 16553 | Lair:2   | You fall into a shaft and drop 2 floors!
 16810 | Lair:3   | Killed an eleionoma
 16958 | Lair:3   | Found a staircase to the Snake Pit.
 18126 | Lair:4   | Reached **** piety under Hepliaklqana
 18639 | Lair:4   | Identified the ring "Nyasamod" {rPois rCorr Int+6 SInv}
 18804 | Lair:4   | Learned a level 3 spell: Stone Arrow
 18814 | Lair:5   | Entered Level 5 of the Lair of Beasts
 19097 | Lair:5   | Gained mutation: Your large and strong wings let you fly.
                  | [Gargoyle growth]
 19097 | Lair:5   | Reached XP level 14. HP: 28/84 MP: 13/29
 19394 | Lair:5   | Found a runed translucent door.
 19394 | Lair:5   | Found a viscous altar of Jiyva.
 19398 | Lair:5   | Found a staircase to the Slime Pits.
 19451 | Lair:5   | Noticed Rupert
 19976 | Lair:5   | Identified a scroll of acquirement
 19976 | Lair:5   | Acquired the ring "Bemegrec" {rElec rPois rF++ Will+ Int-2}
 20121 | Lair:5   | Killed Rupert
 21539 | Lair:5   | Found a corrupted altar of Lugonu.
 21539 | Lair:5   | Found a one-way gate to the infinite horrors of the Abyss.
 22095 | D:12     | Identified the +0 mace of Coqifuif {antimagic, rC++ Dex+3}
 23103 | D:13     | Reached ***** piety under Hepliaklqana
 24089 | D:13     | Found a gate to the Vaults.
 24448 | D:13     | Reached XP level 15. HP: 63/90 MP: 26/31
 25175 | Orc:1    | Entered Level 1 of the Orcish Mines
 26929 | Orc:2    | Entered Level 2 of the Orcish Mines
 27450 | Orc:2    | Found Iraruf's Book Shoppe.
 27458 | Orc:2    | Bought a book of Fire for 448 gold pieces
 27465 | Orc:2    | Learned a level 6 spell: Starburst
 27561 | Orc:2    | Found Tiplomni's Distillery.
 27568 | Orc:2    | Found Uwaemys's General Store.
 28050 | Orc:2    | Noticed an orc warlord
 28060 | Orc:2    | Killed an orc warlord
 28061 | Orc:2    | Reached skill level 15 in Conjurations
 28061 | Orc:2    | Reached skill level 1 in Air Magic
 28472 | Orc:2    | Noticed an orc warlord
 28477 | Orc:2    | Identified the +1 hand axe of Ru's Generosity {freeze, rC+}
 28479 | Orc:2    | Killed an orc warlord
 28857 | Orc:2    | Reached skill level 15 in Fighting
 29009 | Orc:2    | Found a staircase to the Elven Halls.
 30005 | Orc:2    | Found Wucouset's Jewellery Shoppe.
 30005 | Orc:2    | Found Nealeug's Antique Armour Emporium.
 30008 | Orc:2    | Found a one-way gate leading to the halls of Pandemonium.
 30010 | Orc:2    | Bought the ring of Otaid {Fire *Slow MP+9 Str+3 Int+3} for
                  | 926 gold pieces
 31507 | D:15     | Entered Level 15 of the Dungeon
 31566 | D:15     | Reached XP level 16. HP: 48/97 MP: 32/33
 32736 | D:15     | Found a staircase to the Depths.
 33347 | Swamp:1  | Entered Level 1 of the Swamp
 33874 | Swamp:1  | Reached ****** piety under Hepliaklqana
 34252 | Swamp:1  | Reached skill level 5 in Air Magic
 34702 | Swamp:1  | Learned a level 6 spell: Plasma Beam
 34891 | Swamp:2  | Noticed Roxanne
 34901 | Swamp:2  | Noticed a fenstrider witch
 34910 | Swamp:2  | Killed a fenstrider witch
 34912 | Swamp:2  | Noticed Frances
 34913 | Swamp:2  | Killed from afar by a spriggan druid

Illustrated notes

Levels and vault maps discovered:
D:1:      amcnicky_arrival_choice, layout_loops_cross, feat_on_display
D:2:      layout_rooms
D:3:      layout_loops_ring, mainiacjoe_overflow_concentric_impassable,
          uniq_terence
D:4:      layout_basic, kennysheep_mini, minmay_temple_entry_drinking_statues,
          serial_shops, kennysheep_mini_moat, gammafunk_ghost_grave
D:5:      layout_basic, chequers_hall_statues_wall_a
D:6:      layout_rooms, mainiacjoe_overflow_tiny_flanked,
          mainiacjoe_overflow_alcove_4, uniq_edmund
D:7:      layout_basic, grunt_ministairs_15, grunt_decor_arrowhead,
          minmay_quadrilaterals
D:8:      layout_loops_ring, nicolae_hepliaklqana_hazy_memory, elyvilon_altar_3,
          nemelex_xobeh_ov_fountains_minmay, nicolae_water_bricks
D:9:      layout_big_octagon, nicolae_wu_jian_glorious_leap, david_lair_generic,
          uniq_joseph
D:10:     kennysheep_six_static_rooms, layout_stronghold, grunt_gozag_statues,
          grunt_dithmenos_smoke, mainiacjoe_overflow_alcove_1, slow_altar_1,
          gammafunk_temple_overflow_claw, hiddenorc1_lemuel, enter_trove_3
D:11:     layout_basic, statue_in_the_mist_lemuel
D:12:     layout_roguey, hangedman_decor_riveting
D:13:     layout_basic, hellmonk_vaults_attempted_burglary, minmay_liquid_box
D:14:     layout_layer_cave, nicolae_BIG_FREAKIN_CUBE
D:15:     gammafunk_enter_depths_forms, layout_loops_ring,
          hangedman_decor_cross_pass
Lair:1:   layout_regular_city, basic_altar
Lair:2:   layout_roguey, serial_bayou_lagoon_b
Lair:3:   layout_long_grid, alex1729_swamp_entry_worm_eleionoma,
          guppyfry_snake_entry_garden
Lair:4:   layout_roguey, portal_ice_cave_demonic_guard,
          amcnicky_mini_pool_medium, serial_bayou_shore_b
Lair:5:   hellmonk_lair_end_abyssal_woods, layout_regular_city, slime_entry_2,
          uniq_rupert
Swamp:1:  layout_basic_swamp, hangedman_swamp_cone, swamp_pool_5
Swamp:2:  layout_basic_swamp, evilmike_swamp_ruin_house_3, swamp_pool_3,
          nicolae_swamp_bunyip_nook, uniq_roxanne, uniq_nikola, uniq_frances
Orc:1:    dreamdust_under_siege, layout_caves, hellmonk_guarded_unrand_dark_maul
Orc:2:    pf_orc_diabolical, layout_diamond_mine, serial_shops,
          nicolae_shop_waterfront, minmay_orc_treasury

Skill      XL: |  1  2  3  4  5  6  7  8  9 10 11 12 13 14 15 16 |
---------------+-------------------------------------------------+-----
Conjurations   | 2 3 4 6 9 10 12 13 14 15 | 15.8
Fighting       | 1 2 3 4 5 9 10 11 13 14 15 | 15.7
Spellcasting   | 3 4 5 7 8 9 10 11 12 13 | 13.6
Fire Magic     | 4 5 6 9 10 11 12 13 14 | 14.8
Air Magic      | 3 5 |  5.2
Dodging        | |  1.8
Stealth        | |  2.6

Action                     |  1- 3 |  4- 6 |  7- 9 | 10-12 | 13-15 | 16-18 || total
---------------------------+-------+-------+-------+-------+-------+-------++-------
  Melee: Whip              |     2 |       |       |       |       |       ||     2
         War axe           |       |     3 |       |       |       |       ||     3
         Trident           |       |       |    14 |       |       |       ||    14
         Glaive            |       |       |    13 |    11 |    30 |       ||    54
         Maul              |       |       |       |       |     7 |     2 ||     9
   Cast: Foxfire           |    54 |   105 |   129 |   165 |   258 |    42 ||   753
         Scorch            |       |    29 |    59 |    90 |   141 |    16 ||   335
         Flame Wave        |       |       |     4 |    25 |    55 |     4 ||    88
         Stone Arrow       |       |       |       |       |    98 |    27 ||   125
         Inner Flame       |       |       |       |       |     4 |     1 ||     5
         Starburst         |       |       |       |       |    11 |    18 ||    29
         Plasma Beam       |       |       |       |       |       |     3 ||     3
 Invoke: Recall Ancestor   |       |       |       |     1 |     3 |     2 ||     6
         Ancestor Life: Ba |       |       |       |     1 |       |       ||     1
         Ancestor Identity |       |       |       |     1 |       |       ||     1
  Evoke: Wand              |       |       |       |    25 |    23 |       ||    48
         Phantom mirror    |       |       |       |       |     2 |     1 ||     3
         Tin of tremorston |       |       |       |       |     2 |       ||     2
         Sack of spiders   |       |       |       |       |     1 |       ||     1
    Use: Potion            |       |     4 |     1 |       |     9 |       ||    14
         Scroll            |       |     6 |     7 |     8 |    25 |     2 ||    48
   Stab: Petrified         |       |       |       |     1 |       |       ||     1
         Distracted        |       |       |       |       |     2 |       ||     2
 Armour: Robe              |    24 |    34 |    39 |       |       |       ||    97
         Steam dragon scal |       |       |    75 |   190 |   495 |    73 ||   833
  Dodge: Dodged            |    21 |    18 |    90 |   124 |   272 |    43 ||   568
